AoeStats
← The Horse

Arabia

506717029Analyzed
1v1 RM · 16d ago on Sep 14, 2026· 34m 28s· 2 players
Game mode
Random Map
Map size
Tiny (2 player)
Population
200
Speed
Normal
Resources
Standard
Victory
Conquest
Starting age
Dark Age
Ending age
Imperial Age
RankedLock teamsTeams togetherTeam positionsShared explorationLock speedFull tech treeHidden civsTurbo modeCheats
Victory
Defeat
🇧🇷 Magyars · Brazil
1017
+17
🇹🇷 Ethiopians · Türkiye
1040
-17
filipellopes
6:59 Loom
10:08 Feudal Age
21:54 Castle Age
21:48 Scale Barding Armor
21:55 Bloodlines
25:58 Double-Bit Axe
26:36 Gold Mining
29:49 Chain Barding Armor
31:00 Husbandry
34:39 Wheelbarrow
33:48 Horse Collar
The Horse
5:16 Loom
10:07 Feudal Age
14:28 Fletching
17:10 Double-Bit Axe
27:38 Castle Age
26:03 Padded Archer Armor
27:46 Crossbowman
28:33 Thumb Ring
30:26 Bodkin Arrow
32:10 Ballistics
32:41 Scale Mail Armor
33:58 Leather Archer Armor
Connection lost

Rejoining the realm…

Still unreachable

The connection could not be restored.

Session expired

The server has moved on; the page needs a fresh start.